 Dungeon Crawl Stone Soup version 0.29-a0-822-ga620ab95ad (webtiles) character file.

Game seed: 9642729479759676672

179296 Morbidden the Eclecticist (level 17, -1/144 HPs)
             Began as a Deep Elf Fire Elementalist on July 8, 2022.
             Was the Champion of Cheibriados.
             Slain by a swamp dragon (7 damage)
             ... on level 3 of the Swamp.
             The game lasted 02:00:16 (49514 turns).

Morbidden the Eclecticist (DEFE)                   Turns: 49514, Time: 02:00:17

Health: -1/144     AC: 28    Str: 27    XL:     17   Next: 60%
Magic:  5/41       EV:  2    Int: 46    God:    Cheibriados [******]
Gold:   1361       SH:  8    Dex: 29    Spells: 23/53 levels left

rFire   + . .      SeeInvis +   a - +10 dagger (elec)
rCold   . . .      Faith    .   c - +0 buckler {rF+}
rNeg    . . .      Spirit   .   (body armour currently unavailable)
rPois   +          Reflect  .   (helmet currently unavailable)
rElec   .          Harm     .   (cloak currently unavailable)
rCorr   .          Rampage  .   (gloves currently unavailable)
Will    +....      NoTele   +   (boots currently unavailable)
Stlth   +++.......              T - amulet of regeneration
HPRegen 1.14/turn               Q - +6 ring of strength
MPRegen 0.27/turn               F - ring of see invisible

@: lethally poisoned (-1 -> -1), tree-form, studying Earth Magic, very slow
A: stationary, stasis, torment immunity, boosted hp, clever 1
a: Renounce Religion, Bend Time, Temporal Distortion, Slouch, Step From Time


You were on level 3 of the Swamp.
You worshipped Cheibriados.
Cheibriados was exalted by your worship.
You were a tree.
You visited 7 branches of the dungeon, and saw 34 of its levels.
You also visited: Sewer and Ice Cave.

You collected 2832 gold pieces.
You spent 1471 gold pieces at shops.

Inventory:

Hand Weapons
 a - a +10 dagger of electrocution (weapon)
 b - the +3 Elemental Staff {rElec rF++ rC++ AC+5}
   (You acquired it on level 13 of the Dungeon)

   If the wielder is skilled in Evocations, they can discharge powerful blasts
   of elemental energy when striking with it.
   It enhances your fire, ice, earth and air magic.
   AC:        It affects your AC (+5).
   rF:        It greatly protects you from fire.
   rC:        It greatly protects you from cold.
   rElec:     It insulates you from electricity.
 D - a +6 scimitar of flaming
Missiles
 l - 41 poisoned darts
 s - 7 curare-tipped darts (quivered)
 G - 3 throwing nets
Armour
 c - a +0 buckler of fire resistance (worn)
 o - a +2 pair of gloves (melded)
 p - a +1 helmet (melded)
 x - the +8 orange crystal plate armour (melded) {Archmagi, Int+3 Clar}
   (You found it on level 6 of the Dungeon)

   Int:       It affects your intelligence (+3).
   Clar:      It protects you against confusion.
 E - a +2 pair of boots (melded)
 J - a +0 buckler of cold resistance
 N - a +1 cloak (melded)
Magical Staves
 P - a staff of fire
Jewellery
 i - a ring of protection from fire
 m - a +4 ring of slaying
 v - a +4 ring of protection
 F - a ring of see invisible (right branch)
 H - an amulet of reflection
 Q - a +6 ring of strength (left branch)
 T - an amulet of regeneration (around neck)
Wands
 k - a wand of polymorph (5)
 q - a wand of mindburst (14)
 I - a wand of iceblast (10)
 O - a wand of acid (15)
Scrolls
 d - 4 scrolls of poison
 j - 5 scrolls of teleportation
 w - 5 scrolls of brand weapon
 y - a scroll of summoning
 z - 5 scrolls of torment
 A - a scroll of magic mapping
 B - 3 scrolls of enchant weapon
 C - 17 scrolls of identify
 K - 2 scrolls of silence
 M - 3 scrolls of immolation
 R - 4 scrolls of fog
 U - 5 scrolls of amnesia
 V - 3 scrolls of enchant armour
 X - a scroll of blinking
Potions
 e - 3 potions of berserk rage
 f - 6 potions of mutation
 g - 3 potions of might
 h - 4 potions of attraction
 n - 8 potions of lignification
 r - 5 potions of brilliance
 u - a potion of cancellation
 S - 5 potions of flight
 W - 3 potions of invisibility
 Y - 6 potions of curing
 Z - 3 potions of heal wounds
Miscellaneous
 t - a condenser vane
 L - a box of beasts (inert)


   Skills:
 * Level 7.5 Fighting
 + Level 6.8(8.8) Short Blades
 * Level 7.8(8.8) Long Blades
 * Level 6.1 Staves
 + Level 0.8 Throwing
 * Level 5.0 Armour
 * Level 11.5 Dodging
 + Level 3.5 Stealth
 * Level 7.8 Shields
 * Level 18.6 Spellcasting
 * Level 10.7 Conjurations
 + Level 5.3 Hexes
 * Level 15.3 Fire Magic
 * Level 9.0 Earth Magic
 * Level 9.2 Invocations
 * Level 6.0 Evocations


You had 23 spell levels left.
You knew the following spells:

 Your Spells              Type           Power      Damage    Failure   Level
a - Flame Wave            Conj/Fire      100%       2d17      1%          4
b - Inner Flame           Hex/Fire       95%        N/A       1%          3
c - Lehudib's Crystal Sp  Conj/Erth      46%        10d11     56%         8
d - Starburst             Conj/Fire      52%        6d14      1%          6
e - Iron Shot             Conj/Erth      46%        9d9       1%          6
x - Scorch                Fire           100%       2d10      0%          2
z - Foxfire               Conj/Fire      100%       2x1d9     0%          1

Your spell library contained the following spells:

 Spells                   Type           Power      Damage    Failure   Level
 Searing Ray              Conj           100%       2d8       0%          2
 Conjure Flame            Conj/Fire      100%       6-21      0%          3
 Apportation              Tloc           84%        N/A       1%          1
 Beastly Appendage        Tmut           84%        N/A       1%          1
 Necrotise                Necr           100%       1d9       1%          1
 Sting                    Tmut/Pois      100%       1d8       1%          1
 Poisonous Vapours        Pois/Air       84%        N/A       1%          2
 Static Discharge         Conj/Air       75%        3-13/arc  1%          2
 Sublimation of Blood     Necr           42%        N/A       1%          2
 Wereblood                Tmut           42%        N/A       1%          2
 Confusing Touch          Hex            75%        N/A       1%          3
 Ignite Poison            Fire/Tmut/Pois 74%        N/A       1%          3
 Ozocubu's Armour         Ice            42%        N/A       1%          3
 Spider Form              Tmut/Pois      42%        N/A       1%          3
 Vampiric Draining        Necr           42%        2d9       1%          3
 Hailstorm                Conj/Ice       75%        3d15      1%          4
 Sticky Flame             Conj/Fire      100%       2d11      1%          4
 Iskenderun's Battlesphe  Conj           96%        2d14      1%          5
 Metabolic Englaciation   Hex/Ice        30%        N/A       5%          5
 Silence                  Hex/Air        30%        N/A       5%          5
 Corpse Rot               Necr/Pois/Air  42%        N/A       6%          4
 Dispel Undead            Necr           42%        3d17      6%          4
 Olgreb's Toxic Radiance  Pois           42%        N/A       6%          4
 Passage of Golubria      Tloc           42%        N/A       6%          4
 Agony                    Necr           42%        N/A       17%         5
 Alistair's Intoxication  Tmut/Pois      28%        N/A       17%         5
 Summon Forest            Summ/Tloc      21%        N/A       17%         5
 Death Channel            Necr           21%        N/A       67%         6
 Eringya's Noxious Bog    Tmut/Pois      21%        N/A       67%         6
 Haunt                    Necr/Summ      21%        N/A       99%         7
 Ozocubu's Refrigeration  Ice            21%        4d9       99%         7
 Summon Hydra             Summ           21%        N/A       99%         7
 Infestation              Necr           21%        N/A       100%        8


Dungeon Overview and Level Annotations

Branches:
Dungeon (15/15)            Temple (1/1) D:7            Lair (6/6) D:8
  Swamp (4/4) Lair:4       Spider (3/4) Lair:4          Orc (2/2) D:10
    Elf (3/3) Orc:2        Depths (0/4) D:15          Sewer (visited)
  IceCv (visited)
  Slime: Lair:5-6    Vaults: D:13-14

Altars:
Ashenzari
Cheibriados
Dithmenos
Fedhas
Gozag
Hepliaklqana
Makhleb
Qazlal
Ru
Trog
Xom
The Shining One

Shops:
D:11 ?   D:14 [   Orc:1 :[   Orc:2 ?[!=   Elf:1 =:

Annotations:
D:9 1 runed translucent door, Wizop's ghost, journeyman MeGl
D:13 Jorgrun
Lair:1 exclusion: hydra
Lair:3 exclusion: hydra
Lair:6 1 runed translucent door
Spider:3 Azrael
Elf:2 3 runed translucent doors


Innate Abilities, Weirdness & Mutations

You are a tree.
Your roots penetrate the ground, keeping you stationary.
You cannot be teleported.
You are immune to unholy pain and torment.
Your maximum health is greatly increased.
Your equipment is partially melded.
Your mind is acute. (Int +4, Str/Dex -1)


Message History

Unknown command.
Unknown command.
Unknown command.
Unknown command.
Unknown command.
Okay, then.
Okay, then.
Really quaff the potion of lignification?
You turn into a tree.
Your +1 cloak melds into your body.
Your +1 helmet melds into your body.
Your +2 pair of gloves melds into your body.
Your +2 pair of boots melds into your body.
The +8 orange crystal plate armour {Archmagi, Int+3 Clar} melds into your body.
You feel strangely numb.
Your roots penetrate the ground.
You feel sick. You block the swamp dragon's attack. x2
The swamp dragon tramples you but does no damage.
Unknown command.
Unknown command.
Unknown command.
Unknown command.
Unknown command.
You hear the crackle of electricity.
a - a +10 dagger of electrocution (weapon)
Unknown command.
Unknown command.
You hit the swamp dragon but do no damage.
The swamp dragon is heavily wounded.
You feel sick.
The swamp dragon breathes poison at you.
The blast of poison engulfs you but does no damage.
You resist.
Unknown command.
Unknown command.
You hit the swamp dragon.
Lightning courses through the swamp dragon!
The swamp dragon is severely wounded.
You feel sick. The swamp dragon bites you!
* * * LOW HITPOINT WARNING * * *
The swamp dragon claws you!
You die...

♣.≈≈.≈.≈≈.≈...♣ ♣
♣♣..≈♣♣♣...♣♣♣♣ ≈♣
♣♣♣≈≈≈.♣≈≈[≈♣ ..≈
♣♣≈♣≈≈≈≈≈♣≈.♣♣
≈§.♣♣≈...≈≈≈≈.≈[.♣♣♣♣ ♣
≈≈≈.≈≈≈≈...≈≈....≈§≈♣≈♣
♣♣♣...≈≈..≈.≈≈..≈≈≈≈≈≈♣
♣♣...♣♣♣♣≈≈≈≈§☼○§≈≈§♣♣
♣♣≈≈..≈♣♣♣♣≈≈≈.♣§≈≈≈≈≈§
♣≈≈♣.≈≈.♣ ♣♣≈≈○D§○≈≈≈≈≈
♣≈≈≈♣.†≈≈♣♣♣♣.≈.☼§§.≈≈≈♣
♣.≈.≈≈≈≈.≈≈≈♣...≈≈...≈≈♣
♣♣♣.≈≈≈≈..≈≈♣.≈♣♣...§♣≈♣
♣♣.≈≈≈≈≈≈≈♣♣♣♣ ♣♣♣≈♣ ♣
♣.≈†≈.≈≈≈♣ ♣♣ ♣.≈≈..≈≈≈♣
♣..)).≈≈≈♣


You could see a swamp dragon (catching breath).

Vanquished Creatures
  Zenata (Elf:1)
  Frances (Spider:1)
  A thorn hunter (Swamp:4)
  A fenstrider witch (Swamp:3)
  Aizul (Swamp:3)
  An emperor scorpion (Spider:2)
  2 ghost moths
  A deep elf sorcerer (Elf:1)
  A ghoul (Swamp:2)
  A quicksilver ooze (shapeshifter) (D:15)
  A deep elf annihilator (Elf:2)
  An eleionoma (Swamp:2)
  2 entropy weavers
  2 bunyips (Swamp:4)
  A spark wasp (Spider:3)
  A shambling mangrove (Swamp:3)
  2 deep elf death magi
  Fannar (Lair:1)
  A yaktaur captain (D:14)
  7 boulder beetles
  A great orb of eyes (D:15)
  14 hydras
  7 two-headed ogres
  3 centaur warriors
  A jorogumo (Spider:2)
  A ghost crab (Swamp:1)
  A rakshasa (D:15)
  A catoblepas (D:13)
  A death knight (D:15)
  Erica (Lair:1)
  3 tengu warriors
  2 alligators (Swamp:2)
  10 dancing weapons
  3 death yaks (Lair:6)
  Urug (D:11)
  2 orc high priests
  7 deep elf knights
  5 pharaoh ants
  3 sun moths
  3 goliath frogs
  5 orb spiders
  A spriggan druid (Swamp:2)
  4 steelbarb worms
  2 bog bodies
  8 deep elf archers
  An orc knight (D:14)
  2 swamp dragons
  5 deep elf zephyrmancers
  16 ugly things
  12 deep elf pyromancers
  4 necromancers (Elf:1)
  7 orc sorcerers
  14 wolf spiders
  3 manticores
  9 cyclopes
  3 will-o-the-wisps
  13 elephants
  4 black mambas
  9 cane toads
  5 torpor snails
  Maggie (Lair:1)
  2 gargoyles
  2 unseen horrors (D:12)
  10 rime drakes
  4 komodo dragons
  2 efreet
  An anaconda simulacrum (IceCv)
  2 demonic crawlers (Spider:2)
  2 tengu conjurers (D:15)
  9 trolls
  4 large abominations (Elf:1)
  A bloated husk (Swamp:1)
  15 hornets
  A meliai (shapeshifter) (Elf:3)
  2 polar bears (Lair:6)
  A blink frog (shapeshifter) (D:13)
  11 slime creatures
  4 tyrant leeches
  23 tarantellas
  12 blink frogs
  13 culicivoras
  16 jumping spiders
  12 spriggans
  2 water elementals
  2 vampires
  5 wraiths
  2 air elementals (Elf:1)
  3 fire elementals
  47 yaks
  9 basilisks
  12 wyverns
  A human (D:13)
  41 redbacks
  5 steam dragons
  27 vampire mosquitoes
  13 swamp worms
  4 wargs
  An acid dragon (D:10)
  3 swamp drakes
  Pargi (Sewer)
  16 water moccasins
  2 hell hounds
  17 orc warriors
  2 sky beasts
  5 black bears
  11 ogres
  10 centaurs
  25 wolves
  2 phantoms (D:5)
  2 kobold brigands
  2 elf zombies (Elf:1)
  8 bullfrogs
  6 necrophages
  Blork the orc (D:4)
  2 wyvern zombies (D:7)
  An earth elemental (Elf:1)
  11 scorpions
  8 wights
  17 killer bees
  3 howler monkeys (D:10)
  A crimson imp (D:6)
  2 hounds
  4 jellies
  14 orc priests
  7 iguanas
  32 orc wizards
  16 hell rats
  2 polar bear simulacra (IceCv)
  2 killer bee zombies (D:7)
  11 gnolls
  13 adders
  7 river rats (Lair:5)
  3 white imps
  An ufetubus (D:5)
  3 worms
  2 dart slugs (D:5)
  43 orcs
  2 ball pythons
  10 bats
  2 endoplasms
  5 giant cockroaches
  12 goblins
  6 hobgoblins
  2 jackals (D:2)
  3 quokkas
  6 frilled lizards
  14 kobolds
  14 rats
  2 briar patches (Swamp:4)
947 creatures vanquished.

Vanquished Creatures (collateral kills)
  A hydra (Lair:6)
  A deep elf pyromancer (Elf:2)
  An ugly thing (D:14)
  A wraith (D:12)
  16 foxfires
20 creatures vanquished.

Vanquished Creatures (others)
  A bunyip (Swamp:1)
  A bloated husk (Swamp:1)
  2 bushes (D:7)
  2540 foxfires
  66 fungi
  86 plants
2696 creatures vanquished.

Grand Total: 3663 creatures vanquished

Notes
Turn   | Place    | Note
-------+----------+-------------------------------------------
     0 | D:1      | Morbidden the Deep Elf Fire Elementalist began the quest
                  | for the Orb.
     0 | D:1      | Reached XP level 1. HP: 10/10 MP: 6/6
   766 | D:1      | Reached XP level 2. HP: 15/15 MP: 5/8
  1681 | D:2      | Reached XP level 3. HP: 19/19 MP: 6/10
  1891 | D:2      | Reached skill level 4 in Spellcasting
  2314 | D:2      | Learned a level 2 spell: Scorch
  2392 | D:2      | Reached XP level 4. HP: 24/24 MP: 9/12
  2843 | D:2      | Reached skill level 5 in Spellcasting
  3005 | D:2      | Reached XP level 5. HP: 18/28 MP: 6/14
  3378 | D:3      | Learned a level 4 spell: Flame Wave
  3557 | D:3      | Found a shadowy altar of Dithmenos.
  4312 | D:4      | Noticed Blork the orc
  4325 | D:4      | Killed Blork the orc
  4326 | D:4      | Reached skill level 5 in Fire Magic
  4326 | D:4      | Reached XP level 6. HP: 32/32 MP: 7/15
  4600 | D:4      | Reached skill level 6 in Spellcasting
  5161 | D:4      | Learned a level 3 spell: Inner Flame
  5162 | D:5      | Entered Level 5 of the Dungeon
  5189 | D:5      | Reached XP level 7. HP: 37/37 MP: 14/18
  5245 | D:5      | Gained mutation: You occasionally lose the ability to drink
                  | potions when taking damage. [potion of mutation]
  5247 | D:5      | Lost mutation: You occasionally lose the ability to drink
                  | potions when taking damage. [potion of mutation]
  5247 | D:5      | Gained mutation: Your mind is acute. (Int +4, Str/Dex -1)
                  | [potion of mutation]
  5358 | D:5      | Reached skill level 1 in Fighting
  5358 | D:5      | Reached skill level 7 in Spellcasting
  5382 | D:5      | Reached skill level 1 in Staves
  5382 | D:5      | Reached skill level 1 in Shields
  5390 | D:5      | Reached XP level 8. HP: 11/43 MP: 1/20
  5513 | D:5      | Reached skill level 8 in Spellcasting
  5701 | D:5      | Found a glowing drain.
  5712 | Sewer    | Entered a sewer
  5945 | Sewer    | Noticed Pargi
  5951 | Sewer    | Killed Pargi
  6671 | D:5      | Reached skill level 9 in Spellcasting
  7117 | D:6      | Reached XP level 9. HP: 48/48 MP: 18/24
  7735 | D:6      | Reached skill level 5 in Dodging
  8035 | D:6      | Reached skill level 5 in Conjurations
  8149 | D:6      | Found the +8 orange crystal plate armour {Archmagi, Int+3
                  | Clar}
  8612 | D:7      | Found a staircase to the Ecumenical Temple.
  8617 | Temple   | Entered the Ecumenical Temple
  8685 | Temple   | Became a worshipper of Cheibriados the Contemplative
  8729 | D:7      | Reached skill level 1 in Invocations
  8891 | D:7      | Found a broken altar of Ashenzari.
  8920 | D:7      | Reached skill level 1 in Short Blades
  9007 | D:7      | Found a blossoming altar of Fedhas.
  9533 | D:7      | Reached skill level 1 in Hexes
  9816 | D:8      | Reached skill level 10 in Spellcasting
  9976 | D:8      | Noticed a troll
  9980 | D:8      | Killed a troll
  9981 | D:8      | Reached skill level 1 in Long Blades
  9988 | D:8      | Reached XP level 10. HP: 54/54 MP: 10/26
  9998 | D:8      | Noticed Maurice
  9999 | D:8      | Noticed Maurice
  9999 | D:8      | Maurice changed into Maurice the wolf
 10002 | D:8      | Killed Maurice the wolf
 10251 | D:8      | Found a staircase to the Lair.
 10522 | D:8      | Reached * piety under Cheibriados
 10864 | D:9      | Noticed a cyan ugly thing
 10967 | D:9      | Reached skill level 11 in Spellcasting
 11477 | D:9      | Found a sacrificial altar of Ru.
 11868 | D:9      | Killed a cyan ugly thing
 11869 | D:9      | Reached skill level 1 in Armour
 12199 | D:9      | Reached ** piety under Cheibriados
 12278 | D:9      | Found a glowing golden altar of the Shining One.
 12410 | D:9      | Found a runed translucent door.
 12410 | D:9      | Noticed Wizop's ghost (journeyman MeGl)
 12570 | D:10     | Entered Level 10 of the Dungeon
 13025 | Lair:1   | Entered Level 1 of the Lair of Beasts
 13027 | Lair:1   | Noticed Maggie
 13036 | Lair:1   | Killed Maggie
 13050 | Lair:1   | Noticed a cane toad
 13051 | Lair:1   | Reached skill level 12 in Spellcasting
 13051 | Lair:1   | Reached XP level 11. HP: 56/60 MP: 2/29
 13267 | Lair:1   | Reached *** piety under Cheibriados
 13272 | Lair:1   | Noticed Fannar
 13517 | Lair:1   | Killed Fannar
 13518 | Lair:1   | Reached skill level 10 in Fire Magic
 14555 | Lair:1   | Noticed a four-headed hydra
 15112 | Lair:1   | Noticed Erica
 15119 | Lair:1   | Killed Erica
 15881 | Lair:2   | Reached skill level 13 in Spellcasting
 15881 | Lair:2   | Reached **** piety under Cheibriados
 16882 | Lair:2   | Reached XP level 12. HP: 58/66 MP: 26/31
 17415 | Lair:3   | Noticed a four-headed hydra
 17636 | Lair:3   | Noticed a seven-headed hydra
 17639 | Lair:3   | Reached ***** piety under Cheibriados
 17829 | Lair:3   | Killed a seven-headed hydra
 18822 | Lair:3   | Killed a four-headed hydra
 18823 | Lair:3   | Reached skill level 14 in Spellcasting
 18927 | Lair:3   | Noticed an eight-headed hydra
 19054 | Lair:3   | Reached skill level 5 in Invocations
 19451 | Lair:4   | Reached skill level 5 in Shields
 20069 | Lair:4   | Noticed an eight-headed hydra
 20075 | Lair:4   | Killed an eight-headed hydra
 20287 | Lair:4   | Got Xucwep's Quarto of Fey Shadows
 20471 | Lair:4   | Found a hole to the Spider Nest.
 20645 | Lair:4   | Reached ****** piety under Cheibriados
 20655 | Lair:4   | Reached XP level 13. HP: 32/72 MP: 8/33
 21829 | Lair:4   | Found a staircase to the Swamp.
 21869 | Lair:4   | Learned a level 8 spell: Lehudib's Crystal Spear
 22161 | Lair:5   | Reached skill level 5 in Short Blades
 22388 | Lair:5   | Reached skill level 1 in Earth Magic
 23270 | Lair:6   | Entered Level 6 of the Lair of Beasts
 24302 | Lair:6   | Reached skill level 15 in Spellcasting
 24649 | Lair:6   | Found a runed translucent door.
 24837 | D:10     | Reached skill level 5 in Long Blades
 25578 | D:10     | Found a staircase to the Orcish Mines.
 25911 | D:11     | Noticed Urug
 25918 | D:11     | Killed Urug
 25919 | D:11     | Reached skill level 5 in Fighting
 25927 | D:11     | Reached XP level 14. HP: 78/78 MP: 20/35
 26170 | D:11     | Found Vong's Magic Scroll Boutique.
 26175 | D:11     | Bought a scroll of enchant weapon for 82 gold pieces
 27102 | D:12     | Noticed Jorgrun
 27173 | D:12     | Found a frozen archway.
 27187 | IceCv    | Entered an ice cave
 27255 | IceCv    | Found a transporter.
 27262 | IceCv    | Found a transporter.
 27685 | D:12     | Identified the +11 flail "Ceoce" {venom, Dex+2}
 27926 | D:12     | Identified the +1 robe "Jubu" {rF+ rC++ Int-3}
 28264 | D:13     | Identified a scroll of acquirement
 28275 | D:13     | Acquired the +3 Elemental Staff {rElec rF++ rC++ AC+5}
 28275 | D:13     | Found the +3 Elemental Staff {rElec rF++ rC++ AC+5}
 29505 | D:14     | Reached skill level 1 in Evocations
 29669 | D:14     | Reached skill level 10 in Dodging
 29669 | D:14     | Reached skill level 16 in Spellcasting
 30361 | D:14     | Found Cheibriados's Comfort Zone.
 30365 | D:14     | Found a snail-covered altar of Cheibriados.
 30654 | D:14     | Found a runed translucent door.
 31128 | D:15     | Entered Level 15 of the Dungeon
 31267 | D:15     | Reached XP level 15. HP: 81/84 MP: 25/37
 31483 | D:15     | Paralysed by a great orb of eyes for 2 turns
 31492 | D:15     | Paralysed by a great orb of eyes for 3 turns
 31543 | D:15     | Found a staircase to the Depths.
 32601 | D:15     | Found a stormy altar of Qazlal.
 32784 | Orc:1    | Entered Level 1 of the Orcish Mines
 32987 | Orc:1    | Found Isoki's Antique Armour Shop.
 32995 | Orc:1    | Bought a pair of smoking boots for 275 gold pieces
 32995 | Orc:1    | Identified the +1 pair of boots "Vunaqiu" {-Tele Rampage
                  | Will+ Regen+} (You bought it in a shop on level 1 of the
                  | Orcish Mines)
 33097 | Orc:1    | Bought an embroidered cloak for 217 gold pieces
 33228 | Orc:2    | Entered Level 2 of the Orcish Mines
 33243 | Orc:2    | Reached skill level 5 in Earth Magic
 34101 | Orc:2    | Found a staircase to the Elven Halls.
 34153 | Orc:1    | Found Jozeh's Book Emporium.
 34191 | Orc:1    | You fall into a shaft and drop 1 floor!
 34887 | Orc:2    | Found Qagik's Distillery.
 34887 | Orc:2    | Found Kekhuic's Magic Scroll Emporium.
 34888 | Orc:2    | Found Sewnioro's Armour Emporium.
 34892 | Orc:2    | Found Openk's Jewellery Shoppe.
 34898 | Orc:2    | Bought a scroll of blinking for 97 gold pieces
 35343 | Orc:1    | Bought a manual of Earth Magic for 800 gold pieces
 35595 | Swamp:1  | Entered Level 1 of the Swamp
 37004 | Swamp:2  | Reached skill level 17 in Spellcasting
 37572 | Swamp:2  | Identified the +5 broad axe of Parts Unknown {elec, *Slow
                  | rPois rCorr}
 37874 | Swamp:3  | Noticed a fenstrider witch
 37882 | Swamp:3  | Killed a fenstrider witch
 38454 | Swamp:3  | Reached XP level 16. HP: 51/90 MP: 27/39
 38540 | Spider:1 | Entered Level 1 of the Spider Nest
 38735 | Spider:1 | Noticed Frances
 38740 | Spider:1 | Reached skill level 5 in Staves
 38743 | Spider:1 | Killed Frances
 41783 | Spider:2 | Reached skill level 10 in Conjurations
 41898 | Spider:2 | Reached skill level 5 in Hexes
 42296 | Spider:2 | Identified the ring "Uvuss" {Contam rN+ Str+6 Dex+5}
 43035 | Spider:2 | Reached skill level 18 in Spellcasting
 43206 | Spider:2 | Reached skill level 5 in Evocations
 44373 | Spider:3 | Noticed Azrael
 45163 | Elf:1    | Entered Level 1 of the Elven Halls
 45245 | Elf:1    | Found Suophiry's Jewellery Shoppe.
 45250 | Elf:1    | Found Efruf Wed's Book Emporium.
 45538 | Elf:1    | Paralysed by an air elemental for 1 turns
 45546 | Elf:1    | Paralysed by an air elemental for 1 turns
 45548 | Elf:1    | Paralysed by an air elemental for 1 turns
 45550 | Elf:1    | Reached XP level 17. HP: 88/96 MP: 31/41
 46048 | Elf:1    | Noticed Zenata
 46068 | Elf:1    | Killed Zenata
 46373 | Elf:1    | Reached skill level 15 in Fire Magic
 46546 | Elf:1    | Got Une Togo's Anthology of Despicable Secrets
 46557 | Elf:1    | Paralysed by an air elemental for 1 turns
 47041 | Elf:2    | Acquired Lialafe's Treatise on Conjuring
 47052 | Elf:2    | Learned a level 6 spell: Starburst
 47075 | Elf:2    | Found a runed translucent gate.
 47075 | Elf:2    | Found a runed translucent gate.
 47076 | Elf:2    | Found a runed translucent gate.
 47332 | Elf:3    | Entered Level 3 of the Elven Halls
 47855 | Elf:3    | Identified the +4 long sword of Daskaew {pain, Contam rN+
                  | Dex+7}
 48280 | Elf:2    | Learned a level 6 spell: Iron Shot
 49020 | Swamp:4  | Entered Level 4 of the Swamp
 49276 | Swamp:4  | Noticed Aizul
 49280 | Swamp:3  | HP: 4/96 [poisoned by Aizul (bolt of poison)]
 49372 | Swamp:3  | Killed Aizul
 49463 | Swamp:4  | Reached skill level 5 in Armour
 49514 | Swamp:3  | HP: 6/144 [swamp dragon (10)]
 49514 | Swamp:3  | Slain by a swamp dragon

Illustrated notes

Levels and vault maps discovered:
D:1:      scummos_arrival_forest, layout_basic
D:2:      layout_loops_corners
D:3:      layout_loops_ring, grunt_dithmenos_smoke
D:4:      layout_rooms, uniq_blork_the_orc
D:5:      layout_gridville, cheibrodos_sewer_entry_bend, minmay_starry_boxes
D:6:      layout_basic, dk_noncrumbling_3, minmay_fire_ice_demons
D:7:      layout_gridville, fedhas_altar_decomposition,
          nicolae_ashenzari_panopticon, temple_doors_e
D:8:      layout_loops_ring, david_lair_shrubbed, uniq_maurice
D:9:      layout_basic, mainiacjoe_overflow_concentric_impassable,
          mainiacjoe_overflow_brackets, gammafunk_ghost_grave, corner_web_ring,
          nicolae_figureground_sparkle
D:10:     layout_basic, orc_0_dummy
D:11:     layout_irregular_city, serial_shops, nicolae_stop_n_shop_2, uniq_urug
D:12:     layout_basic, portal_ice_cave_entry_pillars_2, dk_vineyard_3,
          uniq_jorgrun
D:13:     layout_loops_ring, grunt_vaults_entry_fortified
D:14:     layout_roguey, hangedman_decor_opposing, minmay_shop_chei, drop_trap,
          lightli_airlock
D:15:     gammafunk_enter_depths_forms, layout_irregular_city,
          minmay_stone_trees_medium, nicolae_qazlal_general_emergency
Temple:   minmay_crystal_spiral_temple
Lair:1:   layout_layer_cave, st_stairs_11, infiniplex_staircase_pool,
          uniq_maggie, uniq_fannar, uniq_erica
Lair:2:   layout_misc_corridors
Lair:3:   layout_regular_city
Lair:4:   layout_gridlike, minmay_swamp_entry_worms,
          nicolae_spider_entry_non_spiders, special_room
          [special_room_mythical_zoo], infiniplex_staircase_pool_2
Lair:5:   layout_regular_city, kennysheep_abandoned_house
Lair:6:   hangedman_lair_in_review, layout_regular_city, wormcave,
          dpeg_slime_entry_enclosed
Swamp:1:  layout_basic_swamp, nicolae_swamp_treefoil
Swamp:2:  layout_basic_swamp, nicolae_swamp_orc_logging_accident
Swamp:3:  layout_basic_swamp, nicolae_swamp_dense_foliage
Swamp:4:  swamp_basic_johnstein, layout_basic_swamp, swamp_pool4,
          nicolae_swamp_little_swirl, uniq_aizul
Spider:1: layout_spider_delve, nicolae_spider_baby_got_redback,
          hangedman_spider_tarantella_strand, uniq_frances
Spider:2: layout_spider_delve
Spider:3: layout_cave_pods, nicolae_spider_moth_buddies, uniq_azrael,
          uniq_kirke, uniq_arachne
Orc:1:    layout_caves, serial_shops, shop, shop_statue,
          nicolae_orc_flooded_monolith
Orc:2:    st_orc_mages, layout_diamond_mine
Elf:1:    layout_geoelf_diagonals, minmay_elf_necromancy,
          roderic_lattice_octagonal_star, minmay_shoptagon, uniq_zenata
Elf:2:    elven_hall_of_blades_hangedman_original
          [nicolae_blade_entry_crossed_weapons], layout_geoelf_grid,
          st_stairs_7, item_on_display_a
Elf:3:    minmay_elf_hall_spiked, layout_loops_cross, minivault_23,
          minmay_shop_mass, uniq_nikola, uniq_donald

Skill      XL: |  1  2  3  4  5  6  7  8  9 10 11 12 13 14 15 16 17 |
---------------+----------------------------------------------------+-----
Spellcasting   | 4 5 6 7 9 10 12 13 14 15 16 17 18 | 18.6
Fire Magic     | 4 5 6 7 8 9 10 11 12 13 14 15 | 15.3
Conjurations   | 2 3 4 5 6 7 8 9 10 | 10.7
Dodging        | 3 4 5 6 7 8 9 10 11 | 11.5
Stealth        | 3 |  3.5
Fighting       | 1 2 3 4 5 6 7 |  7.5
Staves         | 1 2 3 4 5 6 |  6.1
Shields        | 1 3 4 5 6 7 |  7.8
Invocations    | 2 3 4 5 6 7 8 9 |  9.2
Short Blades   | 1 3 4 5 6 |  6.8
Hexes          | 1 2 3 4 5 |  5.3
Long Blades    | 1 3 4 5 6 7 |  7.8
Armour         | 1 2 3 4 5 |  5.0
Earth Magic    | 2 4 5 7 9 |  9.0
Evocations     | 1 3 5 6 |  6.0
Throwing       | |  0.8

Action                   |  1- 3 |  4- 6 |  7- 9 | 10-12 | 13-15 | 16-18 || total
-------------------------+-------+-------+-------+-------+-------+-------++-------
Melee: Dagger            |     1 |     4 |    51 |     2 |       |   104 ||   162
       Staff             |       |       |    31 |    17 |   122 |   305 ||   475
       Short sword       |       |       |    31 |       |       |       ||    31
       Scimitar          |       |       |       |     3 |   178 |     9 ||   190
Throw: Dart              |       |       |       |       |     5 |     9 ||    14
 Cast: Foxfire           |    97 |   154 |   130 |   263 |   589 |   235 ||  1468
       Scorch            |       |    17 |    65 |    47 |   123 |    73 ||   325
       Inner Flame       |       |       |    19 |    85 |   121 |    84 ||   309
       Flame Wave        |       |       |     4 |    33 |   114 |   111 ||   262
       Starburst         |       |       |       |       |       |     2 ||     2
Invok: Step From Time    |       |       |       |       |     1 |       ||     1
       Slouch            |       |       |       |       |       |     7 ||     7
       Bend Time         |       |       |       |       |       |     1 ||     1
Evoke: Wand              |       |       |       |     5 |     6 |     5 ||    16
       Box of beasts     |       |       |       |       |     4 |     2 ||     6
       Condenser vane    |       |       |       |       |     3 |     2 ||     5
  Use: Scroll            |       |     2 |    11 |     3 |    16 |     9 ||    41
       Potion            |       |       |     7 |    10 |     1 |     9 ||    27
Armor: Robe              |     4 |     2 |     1 |       |       |       ||     7
       Skin              |       |       |     8 |     4 |       |     2 ||    14
       Troll leather arm |       |       |    34 |    22 |     1 |       ||    57
       Crystal plate arm |       |       |       |       |   498 |   649 ||  1147
Dodge: Dodged            |     8 |     3 |    78 |    75 |   236 |   366 ||   766
Block: Buckler           |       |     2 |    32 |    81 |   226 |   306 ||   647
       Reflection        |       |       |       |     5 |       |       ||     5

Table legend: (Time is in decaauts)
 A = Elapsed time spent in this place.
 B = Non-inter-level travel time spent in this place.
 C = Inter-level travel time spent in this place.
 D = Time resting spent in this place.
 E = Time spent auto-exploring this place.
 F = Levels seen in this place.
 G = Mean time per level.
                   A        B        C        D        E       F      G
               +--------+--------+--------+--------+--------+-----+--------+
         Total |  63664 |  58797 |   4867 |  14513 |  35210 |  36 | 1768.4 |
       Dungeon |  26846 |  24627 |   2219 |   3165 |  17407 |  15 | 1789.7 |
        Temple |     92 |     70 |     22 |      0 |     50 |   1 |   92.0 |
          Lair |  15895 |  14637 |   1258 |   4948 |   7942 |   6 | 2649.2 |
         Swamp |   4089 |   3859 |    230 |   1397 |   1864 |   4 | 1022.2 |
   Spider Nest |   7686 |   7386 |    300 |   3305 |   3138 |   3 | 2562.0 |
  Orcish Mines |   3798 |   3249 |    549 |    448 |   2032 |   2 | 1899.0 |
   Elven Halls |   4785 |   4499 |    286 |   1250 |   2453 |   3 | 1595.0 |
         Sewer |    342 |    342 |      0 |      0 |    257 |   1 |  342.0 |
      Ice Cave |    126 |    126 |      0 |      0 |     67 |   1 |  126.0 |
               +--------+--------+--------+--------+--------+-----+--------+

Top non-repeatable levels by time:
Spider:2: 4093 daAuts
  Lair:1: 3623 daAuts
Spider:1: 3558 daAuts
  Lair:4: 3418 daAuts
  Lair:3: 3160 daAuts
   Orc:2: 2746 daAuts
     D:8: 2711 daAuts
   Elf:1: 2581 daAuts
    D:14: 2571 daAuts
  Lair:5: 2479 daAuts
     D:9: 2419 daAuts
    D:12: 2334 daAuts
    D:15: 2232 daAuts
 Swamp:2: 1961 daAuts
    D:11: 1849 daAuts
